AoeStats
← Cuervo

Arabia

504631937Analyzed
3v3 RM · 26d ago on Sep 6, 2026· 72m 27s· 6 players
Game mode
Random Map
Map size
Normal (6 player)
Population
200
Speed
Normal
Resources
Standard
Victory
Conquest
Starting age
Dark Age
Ending age
Imperial Age
RankedLock teamsTeams togetherTeam positionsShared explorationLock speedFull tech treeHidden civsTurbo modeCheats
Victory
Defeat
🇦🇷 Tatars · Argentina
993
+14
🇦🇷 Italians · Argentina
959
+16
🇦🇷 Slavs · Argentina
949
+16
🇹🇼 Maya · Taiwan
966
-16
🇨🇱 Inca · Chile
953
-15
🇬🇧 Lithuanians · United Kingdom
946
-15
CrispsWalker
3:19 Loom
10:59 Feudal Age
14:16 Wheelbarrow
16:30 Forging
17:18 Double-Bit Axe
20:47 Bloodlines
27:55 Castle Age
27:17 Scale Barding Armor
27:04 Fletching
27:53 Horse Collar
30:40 Husbandry
35:32 Iron Casting
36:58 Heavy Plow
37:55 Bow Saw
38:42 Chain Barding Armor
42:35 Gold Mining
42:39 Stone Mining
43:51 Hill Forts
46:27 Imperial Age
44:13 Hand Cart
44:09 Pikeman
44:49 Squires
44:35 Arson
44:53 Scale Mail Armor
44:49 Bodkin Arrow
47:00 Halberdier
47:59 Chain Mail Armor
48:20 Plate Barding Armor
47:10 Cavalier
48:15 Conscription
49:05 Tower Shields
50:10 Paladin
57:11 Stone Shaft Mining
56:06 Elite Skirmisher
56:55 Thumb Ring
58:26 Bracer
58:27 Padded Archer Armor
61:10 Leather Archer Armor
64:23 Ballistics
65:03 Chemistry
69:11 Two-Man Saw
Boss's Order
2:18 Loom
10:35 Feudal Age
10:42 Champi Runner
11:32 Double-Bit Axe
12:17 Horse Collar
22:25 Fletching
28:36 Castle Age
26:40 Gold Mining
28:06 Padded Archer Armor
28:59 Stone Mining
28:39 Elite Skirmisher
28:44 Crossbowman
29:48 Bodkin Arrow
31:35 Scale Mail Armor
32:44 Wheelbarrow
33:48 Bow Saw
34:17 Town Watch
33:57 Pikeman
37:50 Forging
37:55 Leather Archer Armor
39:07 Town Patrol
42:58 Heavy Plow
45:54 Squires
45:14 Champi Warrior
50:41 Imperial Age
49:13 Chain Mail Armor
51:42 Iron Casting
54:51 Crop Rotation
64:34 Halberdier
路過的黑貓
0:27 Loom
9:23 Feudal Age
14:40 Double-Bit Axe
16:31 Fletching
21:08 Padded Archer Armor
25:24 Castle Age
24:46 Horse Collar
26:00 Bodkin Arrow
25:26 Crossbowman
27:41 Town Watch
28:56 Leather Archer Armor
29:23 Ballistics
31:00 Bow Saw
31:24 Gold Mining
35:04 Fervor
37:57 Thumb Ring
40:36 Imperial Age
41:28 Bracer
40:57 Arbalester
42:39 Chemistry
43:26 Elite Skirmisher
43:33 Elite Skirmisher
46:22 Hul'che Javelineers
46:46 Conscription
48:01 Leather Archer Armor
47:47 Scale Mail Armor
47:57 Squires
47:19 Eagle Warrior
49:25 Ring Archer Armor
51:37 Wheelbarrow
50:44 Treadmill Crane
51:14 Fortified Wall
51:15 Masonry
50:53 Elite Eagle Warrior
53:51 Chain Mail Armor
54:54 Holcans
55:28 Plate Mail Armor
57:18 Forging
59:09 Iron Casting
62:37 Blast Furnace
63:07 Hand Cart
Cuervo
7:08 Loom
9:28 Feudal Age
10:42 Double-Bit Axe
24:07 Fletching
31:26 Castle Age
29:45 Padded Archer Armor
30:14 Horse Collar
30:26 Gold Mining
31:17 Bloodlines
32:04 Elite Skirmisher
33:13 Bow Saw
34:50 Gold Shaft Mining
35:09 Ballistics
37:43 Wheelbarrow
40:22 Husbandry
46:16 Imperial Age
44:24 Stone Mining
45:25 Light Cavalry
46:33 Silk Armor
47:23 Conscription
46:27 Heavy Scorpion
47:52 Hand Cart
47:23 Town Watch
48:17 Hussar
49:44 Town Patrol
50:31 Siege Engineers
51:27 Chemistry
50:32 Bodkin Arrow
50:53 Leather Archer Armor
50:48 Forging
50:44 Scale Barding Armor
51:55 Heavy Camel Rider
53:04 Heavy Plow
54:57 Ring Archer Armor
54:27 Bracer
55:03 Iron Casting
54:49 Chain Barding Armor
56:27 Timurid Siegecraft
62:29 Scale Mail Armor
63:05 Plate Barding Armor
63:30 Blast Furnace
68:53 Crop Rotation
CasquetE
7:25 Loom
9:49 Feudal Age
10:22 Double-Bit Axe
16:32 Fletching
22:54 Castle Age
24:01 Stone Mining
24:53 Pikeman
26:41 Squires
28:42 Bodkin Arrow
30:15 Padded Archer Armor
33:21 Town Watch
34:12 Wheelbarrow
36:06 Ballistics
42:41 Imperial Age
40:50 Thumb Ring
42:04 Murder Holes
41:52 Treadmill Crane
43:28 Leather Archer Armor
43:46 Conscription
46:19 Chemistry
46:13 Elite Genoese Crossbowman
48:27 Bracer
49:31 Ring Archer Armor
52:39 Scale Mail Armor
52:50 Forging
58:50 Hand Cart
59:22 Town Patrol
GenericSiren331
10:07 Feudal Age
17:14 Gold Mining
21:44 Castle Age
20:55 Loom
21:49 Double-Bit Axe
24:45 Gold Shaft Mining
24:14 Husbandry
25:02 Forging
25:01 Scale Barding Armor
26:22 Horse Collar
27:08 Bloodlines
29:41 Wheelbarrow
32:49 Bow Saw
33:33 Heavy Plow
42:42 Imperial Age
41:52 Chain Barding Armor
42:08 Iron Casting
43:04 Elite Boyar
44:23 Crop Rotation
46:12 Plate Barding Armor
46:37 Blast Furnace
48:35 Hand Cart
51:14 Town Watch
69:37 Light Cavalry
72:31 Two-Man Saw
Connection lost

Rejoining the realm…

Still unreachable

The connection could not be restored.

Session expired

The server has moved on; the page needs a fresh start.